 Dungeon Crawl Stone Soup version 0.30.0-29-ga12c61a403 (webtiles) character file.

Game seed: 17422448196408296467

672 wingedge the Chopper (level 7, -3/58 (61) HPs)
             Began as a Demigod Wanderer on June 21, 2023.
             Slain by an orc warrior
             ... wielding a +0 flail
              (9 damage)
             ... on level 6 of the Dungeon.
             The game lasted 00:12:02 (4548 turns).

wingedge the Chopper (Demigod Wanderer)             Turns: 4548, Time: 00:12:02

HP:   -3/58 (61)    AC:  8    Str: 21    XL:     7   Next: 10%
MP:   9/9           EV: 10    Int: 11    God:
Gold: 62            SH:  0    Dex: 22    Spells: 6/6 levels left

rFire   . . .        a - +1 broad axe (freeze)
rCold   . . .        (no shield)
rNeg    . . .        p - +0 ring mail
rPois   .            (no helmet)
rElec   .            d - scarf {repulsion}
rCorr   .            h - +0 pair of gloves
SInv    .            j - +1 pair of boots
Will    .....        (no amulet)
Stlth   ++           E - +6 ring of dexterity
HPRegen 0.29/turn    (no ring)
MPRegen 0.11/turn

%: repel missiles
@: lightly drained
A: high MP 1, forlorn, divine attributes
a: no special abilities


You were on level 6 of the Dungeon.
You visited 1 branch of the dungeon, and saw 6 of its levels.

You collected 246 gold pieces.
You spent 184 gold pieces at shops.

Inventory:

Hand Weapons
 a - a +1 broad axe of freezing (weapon)
 b - the +6 sling "Qoclaunenk" {antimagic, rElec rC++ rN+ Dex-4}
   (You found it on level 4 of the Dungeon)

   Dex:       It affects your dexterity (-4).
   rC:        It greatly protects you from cold.
   rElec:     It insulates you from electricity.
   rN:        It protects you from negative energy.
 c - a +3 quarterstaff
 B - a +0 sling
Missiles
 l - 15 poisoned darts (quivered)
 n - 3 datura-tipped darts
 D - a boomerang of dispersal
Armour
 d - a scarf of repulsion (worn)
 h - a +0 pair of gloves (worn)
 j - a +1 pair of boots (worn)
 p - a +0 ring mail (worn)
Jewellery
 E - a +6 ring of dexterity (left hand)
Wands
 u - a wand of roots (4)
Scrolls
 f - a scroll of fear
 k - a scroll of brand weapon
 m - a scroll of amnesia {unknown}
 q - 2 scrolls of enchant armour
 r - a scroll of enchant weapon {unknown}
 s - a scroll of acquirement {unknown}
 t - a scroll of vulnerability {unknown}
 w - a scroll of fog {unknown}
 y - 2 scrolls of immolation {unknown}
 C - 4 scrolls of teleportation
 F - a scroll of silence {unknown}
 G - a scroll of identify
Potions
 e - a potion of curing
 g - a potion of lignification {unknown}
 i - 3 potions of ambrosia
 o - 2 potions of flight {unknown}
 v - a potion of cancellation {unknown}
 x - 3 potions of mutation
 A - 2 potions of haste {unknown}
 H - a potion of attraction {unknown}


   Skills:
 - Level 5.0 Fighting
 + Level 5.5 Axes
 - Level 2.6 Staves
 - Level 1.0 Ranged Weapons
 - Level 2.0 Throwing
 - Level 1.7 Armour
 - Level 2.0 Stealth


You had 6 spell levels left.
You didn't know any spells.
Your spell library contained the following spells:

 Spells                   Type           Power      Damage    Failure   Level
 Apportation              Tloc           0%         N/A       50%         1
 Necrotise                Necr           0%         1d4       50%         1
 Summon Small Mammal      Summ           0%         N/A       50%         1
 Animate Armour           Summ/Erth      0%         N/A       99%         4
 Olgreb's Toxic Radiance  Pois           0%         N/A       99%         4
 Blade Hands              Tmut           0%         N/A       100%        5
 Iron Shot                Conj/Erth      0%         9d1       100%        6
 Discord                  Hex            0%         N/A       100%        8
 Ignition                 Fire           0%         3d3       100%        8


Dungeon Overview and Level Annotations

Branches:
Dungeon (6/15)             Temple (0/1) D:5

Shops:
D:1 (?   D:2 =


Innate Abilities, Weirdness & Mutations

You have an increased reservoir of magic. (+10% MP)
You shall have no god before yourself.
Your divine heritage dramatically boosts your attributes as you level up.


Message History

You hit the orc warrior. You freeze the orc warrior.
The orc warrior is lightly wounded.
The orc warrior closely misses you.
The orc warrior hits you with a +0 flail.
Okay, then.
Throw: throwing net
Press: ? - help, Shift-Dir - straight line, f - orc warrior
Aim: an orc warrior, wielding a +0 flail and wearing a +0 plate armour (lightly wounded, 66% to hit)
You throw a throwing net. The throwing net hits the orc warrior.
The orc warrior is caught in the net!
The orc warrior is lightly wounded.
The orc warrior struggles against the net.
You strike the helpless orc warrior from behind!
You hit the orc warrior but do no damage.
You punch the orc warrior, but do no damage.
The orc warrior is lightly wounded.
The orc warrior struggles against the net.
You hit the orc warrior. You freeze the orc warrior.
The orc warrior is moderately wounded.
The orc warrior struggles against the net.
You catch the helpless orc warrior completely off-guard!
You hit the orc warrior. You freeze the orc warrior.
The orc warrior is heavily wounded.
The orc warrior struggles against the net.
You hit the orc warrior. You freeze the orc warrior.
The orc warrior is heavily wounded.
The orc warrior struggles against the net. x2
The net rips apart, and the orc warrior comes free!
You hit the orc warrior but do no damage.
The orc warrior is heavily wounded.
The orc warrior misses you.
You closely miss the orc warrior.
The orc warrior is heavily wounded.
The orc warrior closely misses you.
You hit the orc warrior but do no damage.
The orc warrior is heavily wounded.
The orc warrior hits you with a +0 flail!
* * * LOW HITPOINT WARNING * * *
The orc warrior hits you with a +0 flail!
You die...

.. #.. ....
..... ... #..
..... .....
...# #.# .....
#... #.# $...#
#.!.##.##....#
#..........##
#...)......#
##.o)........
#..#@........
#. ##>.......
# ##.......
.......
.###... .. .#.
.


You could see an orc warrior.

Vanquished Creatures
  An ogre (D:5)
  Blork the orc (D:4)
  A scorpion (D:4)
  A wight (D:5)
  A howler monkey (D:4)
  3 iguanas
  5 orc wizards
  A sleepcap (D:5)
  4 adders
  A white imp (D:5)
  An ufetubus (D:4)
  4 worms
  A dart slug (D:5)
  17 orcs
  4 bats
  5 endoplasms
  5 giant cockroaches
  7 goblins
  3 hobgoblins
  4 kobolds
  A quokka (D:4)
  5 ball pythons
  A frilled lizard (D:3)
  3 rats
  A spectral orc (D:4)
81 creatures vanquished.

Notes
Turn   | Place    | Note
-------+----------+-------------------------------------------
     0 | D:1      | wingedge the Demigod Wanderer began the quest for the Orb.
     0 | D:1      | wingedge set off with the following items: a +3
                  | quarterstaff, a +0 sling, a scroll of teleportation, a +0
                  | leather armour.
     0 | D:1      | Reached XP level 1. HP: 19/19 MP: 3/3
   223 | D:1      | Found Kywaliep's Weapon Shoppe.
   376 | D:1      | Found Kankostru's Magic Scroll Boutique.
   382 | D:1      | Reached skill level 1 in Stealth
   836 | D:2      | Reached XP level 2. HP: 27/27 MP: 4/4
  1074 | D:2      | Found Waorch's Jewellery Shoppe.
  1139 | D:2      | Reached XP level 3. HP: 32/33 MP: 5/5
  1828 | D:3      | Reached XP level 4. HP: 39/41 MP: 6/6
  2246 | D:3      | Reached skill level 5 in Fighting
  2440 | D:4      | Reached skill level 1 in Axes
  2638 | D:4      | Reached XP level 5. HP: 48/48 MP: 7/7
  2820 | D:4      | Noticed Blork the orc
  2835 | D:4      | Killed Blork the orc
  2836 | D:4      | Reached XP level 6. HP: 24/56 MP: 8/8
  3102 | D:1      | Bought a +1 broad axe of freezing for 184 gold pieces
  3286 | D:4      | Identified the +6 sling "Qoclaunenk" {antimagic, rElec rC++
                  | rN+ Dex-4}
  3554 | D:5      | Entered Level 5 of the Dungeon
  3821 | D:5      | Reached skill level 1 in Throwing
  3837 | D:5      | Reached skill level 5 in Axes
  4000 | D:5      | Found a staircase to the Ecumenical Temple.
  4236 | D:5      | Reached XP level 7. HP: 20/58 MP: 9/9
  4548 | D:6      | Slain by an orc warrior

Illustrated notes

Levels and vault maps discovered:
D:1:      amcnicky_arrival_wind_blow, layout_loops_ring,
          shapermc_ecumenical_altar_acropolis, serial_shops, shop,
          nicolae_shop_pleasant_corner_grove
D:2:      layout_basic, serial_shops, shop, basic_altar
D:3:      layout_basic
D:4:      layout_basic, yredelemnul_forgotten_temple_becter,
          kennysheep_generic_room_4, uniq_blork_the_orc
D:5:      layout_rooms, fedhas_ov_isle_minmay,
          minmay_temple_entry_enclosed_plants
D:6:      hangedman_cross_stitches, layout_cave_pools,
          eat_drink_and_be_merry_uskayaw, kennysheep_mini, serial_shops,
          nicolae_lakefront_shop, gammafunk_ghost_gnarly_gnolls

Skill      XL: |  1  2  3  4  5  6 |
---------------+-------------------+-----
Stealth        | 2 |  2.0
Fighting       | 4 5 |  5.0
Axes           | 2 4 5 |  5.5
Throwing       | 2 |  2.0
Staves         | |  2.6
Ranged Weapons | |  1.0
Armour         | |  1.7

Action                     |  1- 3 |  4- 6 |  7- 9 || total
---------------------------+-------+-------+-------++-------
  Melee: Quarterstaff      |    68 |    71 |       ||   139
         Broad axe         |       |    61 |    13 ||    74
         Punch             |       |     2 |     1 ||     3
   Fire: Sling             |     7 |       |       ||     7
  Throw: Throwing net      |       |     2 |     1 ||     3
         Boomerang         |       |     1 |       ||     1
  Evoke: Wand              |       |     2 |       ||     2
    Use: Scroll            |       |     6 |     3 ||     9
         Potion            |       |     4 |       ||     4
   Stab: Sleeping          |     2 |       |       ||     2
         Held in net/web   |       |       |     2 ||     2
 Armour: Leather armour    |    11 |       |       ||    11
         Ring mail         |    14 |    50 |     1 ||    65
  Dodge: Dodged            |    35 |    93 |     5 ||   133
         Repelled          |       |     2 |       ||     2
